PL
BOSTON PATRIOTS @ PORTLAND EVERGREENS
08/01/2034
 
TOP OF THE 1ST
Boston Patriots batting - Pitching for Portland Evergreens : LHP Addie Samson
Pitching: LHP Addie Samson
Batting: RHB Dennis Wacher 0-0: SINGLE (Groundball, 56D)
Batting: LHB Manuel Carmona 0-0: Called Strike
0-1: Foul Ball, location: 2F
0-2: Ball
1-2: Ball
2-2: Ball
3-2: Strikes out swinging
Batting: LHB Jorge Alejándrez 0-0: Ball
1-0: Called Strike
Dennis Wacher steals 2nd base
1-1: Ball
2-1: Called Strike
2-2: Ground out 1-3 (Groundball, 15)
Batting: RHB Francisco Agámez 0-0: Foul Ball, location: 2F
0-1: Foul Ball, location: 2F
0-2: Foul Ball, location: 2F
0-2: Ball
1-2: Fly out, F8 (Flyball, 8LXD)
Top of the 1st over - 0 runs, 1 hit, 0 errors, 1 left on base; Boston 0 - Portland 0
BOTTOM OF THE 1ST
Portland Evergreens batting - Pitching for Boston Patriots : RHP Jaganmani Vivek
Pitching: RHP Jaganmani Vivek
Batting: SHB Willie McGirt 0-0: Foul Ball, location: 2F
0-1: Ball
1-1: Swinging Strike
1-2: Ball
2-2: Ball
3-2: Base on Balls
Batting: RHB Tae-cho Han 0-0: Swinging Strike
0-1: Swinging Strike
0-2: SINGLE (Flyball, 78S)
Willie McGirt to second
Batting: LHB Chris Payling 0-0: Called Strike
0-1: Foul Ball, location: 2F
0-2: Ball
1-2: Fielders Choice at 2nd, 4-6 (Groundball, 4)
Willie McGirt to third
Batting: RHB Blaze Alexander 0-0: Ball
1-0: Called Strike
1-1: Swinging Strike
1-2: Ball
2-2: Foul Ball, location: 2F
2-2: Fly out, F4 (Flyball, 4D)
Batting: SHB Billy Dotson 0-0: Ball
1-0: Ball
2-0: Called Strike
2-1: Foul Ball, location: 2F
2-2: Strikes out swinging
Bottom of the 1st over - 0 runs, 1 hit, 0 errors, 2 left on base; Boston 0 - Portland 0
TOP OF THE 2ND
Boston Patriots batting - Pitching for Portland Evergreens : LHP Addie Samson
Batting: RHB Anselmo Berneu 0-0: Called Strike
0-1: Ball
1-1: Foul Ball, location: 2F
1-2: Ball
2-2: Strikes out swinging
Batting: RHB Roland Deschain 0-0: Called Strike
0-1: Ball
1-1: Foul Ball, location: 2F
1-2: Ball
2-2: SINGLE (Groundball, 34S) (infield hit)
Batting: RHB Kantaro Taniguchi 0-0: Ball
1-0: Called Strike
1-1: Foul Ball, location: 2F
1-2: Ball
2-2: Ball
3-2: Grounds into double play, 6-4-3 (Groundball, 6)
Top of the 2nd over - 0 runs, 1 hit, 0 errors, 0 left on base; Boston 0 - Portland 0
BOTTOM OF THE 2ND
Portland Evergreens batting - Pitching for Boston Patriots : RHP Jaganmani Vivek
Batting: LHB Shahid Afridi 0-0: Ball
1-0: Ground out 1-3 (Groundball, 13)
Batting: RHB Nelson Jaramillo 0-0: Foul Ball, location: 2F
0-1: Foul Ball, location: 2F
0-2: Ball
1-2: Foul Ball, location: 2F
1-2: Ball
2-2: Foul Ball, location: 2F
2-2: SINGLE (Line Drive, 7LS)
Batting: LHB John Ennis Pickoff Throw to First - Out!
0-0: Foul Ball, location: 2F
0-1: Ball
1-1: Ground out U3 (Groundball, 34)
Bottom of the 2nd over - 0 runs, 1 hit, 0 errors, 0 left on base; Boston 0 - Portland 0
TOP OF THE 3RD
Boston Patriots batting - Pitching for Portland Evergreens : LHP Addie Samson
Batting: RHB Shohei Kiyomizu 0-0: Foul Ball, location: 2F
0-1: Ball
1-1: Ground out 5-3 (Groundball, 5)
Batting: LHB Juan Alvarado 0-0: Swinging Strike
0-1: Swinging Strike
0-2: Ball
1-2: Ball
2-2: Strikes out looking
Batting: RHB Dennis Wacher 0-0: Ground out 4-3 (Groundball, 4)
Top of the 3rd over - 0 runs, 0 hits, 0 errors, 0 left on base; Boston 0 - Portland 0
BOTTOM OF THE 3RD
Portland Evergreens batting - Pitching for Boston Patriots : RHP Jaganmani Vivek
Batting: LHB Calvin Wilms 0-0: Called Strike
0-1: Ball
1-1: SINGLE (Line Drive, 9S)
Batting: SHB Willie McGirt 0-0: Grounds into double play, 4-6-3 (Groundball, 4)
Batting: RHB Tae-cho Han 0-0: Ball
1-0: Called Strike
1-1: Ball
2-1: Foul Ball, location: 2F
2-2: Ball
3-2: Strikes out looking
Bottom of the 3rd over - 0 runs, 1 hit, 0 errors, 0 left on base; Boston 0 - Portland 0
TOP OF THE 4TH
Boston Patriots batting - Pitching for Portland Evergreens : LHP Addie Samson
Batting: LHB Manuel Carmona 0-0: Ball
1-0: SINGLE (Line Drive, 78M)
Batting: LHB Jorge Alejándrez 0-0: Ball
1-0: Ball
2-0: Called Strike
Manuel Carmona steals 2nd base
2-1: Called Strike
2-2: Ball
3-2: Foul Ball, location: 2F
3-2: Fly out, F6 (Flyball, 6MD)
Batting: RHB Francisco Agámez 0-0: Called Strike
0-1: Ball
1-1: Ball
2-1: Ball
3-1: Ground out 6-3 (Groundball, 6)
Manuel Carmona to third
Batting: RHB Anselmo Berneu 0-0: Foul Ball, location: 2F
0-1: Ball
1-1: Foul Ball, location: 2F
1-2: Ground out 4-3 (Groundball, 34)
Top of the 4th over - 0 runs, 1 hit, 0 errors, 1 left on base; Boston 0 - Portland 0
BOTTOM OF THE 4TH
Portland Evergreens batting - Pitching for Boston Patriots : RHP Jaganmani Vivek
Batting: LHB Chris Payling 0-0: Ball
1-0: Swinging Strike
1-1: Foul Ball, location: 2F
1-2: Ball
2-2: Strikes out swinging
Batting: RHB Blaze Alexander 0-0: Ground out 6-3 (Groundball, 6)
Batting: SHB Billy Dotson 0-0: SINGLE (Groundball, 6MD)
Batting: LHB Shahid Afridi 0-0: Ground out 4-3 (Groundball, 4)
Bottom of the 4th over - 0 runs, 1 hit, 0 errors, 1 left on base; Boston 0 - Portland 0
TOP OF THE 5TH
Boston Patriots batting - Pitching for Portland Evergreens : LHP Addie Samson
Batting: RHB Roland Deschain 0-0: Ground out 6-3 (Groundball, 6)
Batting: RHB Kantaro Taniguchi 0-0: Ball
1-0: Fly out, F5 (Line Drive, 5S)
Batting: RHB Shohei Kiyomizu 0-0: Ball
1-0: Ground out 6-3 (Groundball, 6)
Top of the 5th over - 0 runs, 0 hits, 0 errors, 0 left on base; Boston 0 - Portland 0
BOTTOM OF THE 5TH
Portland Evergreens batting - Pitching for Boston Patriots : RHP Jaganmani Vivek
Batting: RHB Nelson Jaramillo 0-0: Foul Ball, location: 2F
0-1: Ball
1-1: Foul Ball, location: 2F
1-2: Fly out, F8 (Flyball, 78D)
Batting: LHB John Ennis 0-0: Called Strike
0-1: Ball
1-1: Ball
2-1: Foul Ball, location: 2F
2-2: Ground out 6-3 (Groundball, 56)
Batting: LHB Calvin Wilms 0-0: Called Strike
0-1: Called Strike
0-2: Ball
1-2: DOUBLE (Groundball, 5L)
Batting: SHB Willie McGirt 0-0: Ball
1-0: Ball
2-0: Called Strike
2-1: Foul Ball, location: 2F
2-2: Foul Ball, location: 2F
2-2: Ball
3-2: 2-RUN HOME RUN (Flyball, 9LD), Distance : 366 ft
Batting: RHB Tae-cho Han 0-0: Ball
1-0: Ball
2-0: Called Strike
2-1: Called Strike
2-2: Foul Ball, location: 2F
2-2: Strikes out swinging
Bottom of the 5th over - 2 runs, 2 hits, 0 errors, 0 left on base; Boston 0 - Portland 2
TOP OF THE 6TH
Boston Patriots batting - Pitching for Portland Evergreens : LHP Addie Samson
Batting: LHB Juan Alvarado 0-0: Called Strike
0-1: Swinging Strike
0-2: Ball
1-2: SINGLE (Line Drive, 34D)
Batting: RHB Dennis Wacher 0-0: Ball
1-0: Ball
2-0: SINGLE (Line Drive, 6D)
Juan Alvarado to second
Runner from 2nd tries for 3rd, SAFE, throw made to third
Batting: LHB Manuel Carmona 0-0: Ball
Dennis Wacher is caught stealing 2nd base
1-0: Ground out 4-3 (Groundball, 4)
Juan Alvarado scores
Batting: LHB Jorge Alejándrez 0-0: SINGLE (Groundball, 4MD)
Batting: RHB Francisco Agámez 0-0: Ball
1-0: Ball
2-0: Ball
3-0: Called Strike
3-1: Fielders Choice at 2nd, 6-4 (Groundball, 6)
Top of the 6th over - 1 run, 3 hits, 0 errors, 1 left on base; Boston 1 - Portland 2
BOTTOM OF THE 6TH
Portland Evergreens batting - Pitching for Boston Patriots : RHP Jaganmani Vivek
Batting: LHB Chris Payling 0-0: Ball
1-0: Ball
2-0: Ground out 4-3 (Groundball, 4)
Batting: RHB Blaze Alexander 0-0: Called Strike
0-1: Ball
1-1: Ball
2-1: Ball
3-1: Called Strike
3-2: Foul Ball, location: 2F
3-2: Fly out, F4 (Popup, 4D)
Batting: SHB Billy Dotson 0-0: Called Strike
0-1: Fly out, F9 (Flyball, 9S)
Bottom of the 6th over - 0 runs, 0 hits, 0 errors, 0 left on base; Boston 1 - Portland 2
TOP OF THE 7TH
Boston Patriots batting - Pitching for Portland Evergreens : LHP Addie Samson
Batting: RHB Anselmo Berneu 0-0: Fly out, F9 (Flyball, 9LM)
Batting: RHB Roland Deschain 0-0: Called Strike
0-1: Ground out 1-3 (Groundball, 13S)
Batting: RHB Kantaro Taniguchi 0-0: Ball
1-0: Ball
2-0: Foul Ball, location: 2F
2-1: Foul Ball, location: 2F
2-2: Fly out, F9 (Line Drive, 89M)
Top of the 7th over - 0 runs, 0 hits, 0 errors, 0 left on base; Boston 1 - Portland 2
BOTTOM OF THE 7TH
Portland Evergreens batting - Pitching for Boston Patriots : RHP Jaganmani Vivek
Batting: LHB Shahid Afridi 0-0: Called Strike
0-1: Ground out 4-3 (Groundball, 4S)
Batting: RHB Nelson Jaramillo 0-0: Called Strike
0-1: Fly out, F7 (Flyball, 78S)
Batting: LHB John Ennis 0-0: Ball
1-0: Ground out 4-3 (Groundball, 4)
Bottom of the 7th over - 0 runs, 0 hits, 0 errors, 0 left on base; Boston 1 - Portland 2
TOP OF THE 8TH
Boston Patriots batting - Pitching for Portland Evergreens : LHP Addie Samson
Now at C: Carlos Cardona
Now at SS: Ramón Garmendia
Batting: RHB Shohei Kiyomizu 0-0: Ball
1-0: Foul Ball, location: 2F
1-1: Ball
2-1: Ball
3-1: Base on Balls
Pitching: RHP Keith Rojas
Pinch Runner at 1st Edward Sterrenburg:
Batting: LHB Juan Alvarado 0-0: Bunted foul
0-1: Bunted foul
0-2: Fly out, F7 (Line Drive, 7)
Batting: RHB Dennis Wacher 0-0: Ball
Edward Sterrenburg is caught stealing 2nd base
1-0: Ground out 4-3 (Groundball, 4MS)
Top of the 8th over - 0 runs, 0 hits, 0 errors, 0 left on base; Boston 1 - Portland 2
BOTTOM OF THE 8TH
Portland Evergreens batting - Pitching for Boston Patriots : RHP Jaganmani Vivek
Pitching: RHP Shu-de Cui
Now at 2B: Edward Sterrenburg
Batting: RHB Carlos Cardona 0-0: Called Strike
0-1: Swinging Strike
0-2: Strikes out swinging
Pitching: RHP Rick Converse
Batting: SHB Willie McGirt 0-0: Swinging Strike
0-1: Called Strike
0-2: Ball
1-2: Strikes out swinging
Batting: RHB Tae-cho Han 0-0: Ball
1-0: Called Strike
1-1: Foul Ball, location: 2F
1-2: DOUBLE (Line Drive, 7LM)
Batting: LHB Chris Payling 0-0: Ball
1-0: Ball
2-0: Ground out U3 (Groundball, 3)
Bottom of the 8th over - 0 runs, 1 hit, 0 errors, 1 left on base; Boston 1 - Portland 2
TOP OF THE 9TH
Boston Patriots batting - Pitching for Portland Evergreens : RHP Keith Rojas
Batting: LHB Manuel Carmona 0-0: Foul Ball, location: 2F
0-1: Ball
1-1: Foul Ball, location: 2F
1-2: Foul Ball, location: 2F
1-2: SINGLE (Flyball, 7S)
Batting: LHB Jorge Alejándrez 0-0: Swinging Strike
0-1: Ball
1-1: Foul Ball, location: 2F
1-2: Ground out 3-1 (Groundball, 34S)
Manuel Carmona to second
Pinch Hitting: LHB Adrián Gómez 0-0: Called Strike
0-1: Ball
1-1: Ball
2-1: 2-RUN HOME RUN (Flyball, 78XD), Distance : 410 ft
Batting: RHB Anselmo Berneu 0-0: SINGLE (Flyball, 7S)
Batting: RHB Roland Deschain 0-0: Called Strike
0-1: Foul Ball, location: 2F
0-2: Ball
1-2: Ball
2-2: Foul Ball, location: 2F
2-2: Foul Ball, location: 2F
2-2: Fielders Choice at 2nd, 4-6 (Groundball, 4)
Batting: RHB Kantaro Taniguchi 0-0: Called Strike
Roland Deschain steals 2nd base
0-1: Ball
1-1: SINGLE (Line Drive, 9LS)
Roland Deschain to third
Runner from 3rd tries for Home, SAFE, no throw
Batting: SHB Edward Sterrenburg 0-0: Ball
1-0: Foul Ball, location: 2F
1-1: 2-RUN HOME RUN (Flyball, 7LD), Distance : 381 ft
Pitching: LHP Ming-jiang Wu
Batting: LHB Juan Alvarado 0-0: Ball
1-0: Fly out, F8 (Flyball, 8RS)
Top of the 9th over - 5 runs, 5 hits, 0 errors, 0 left on base; Boston 6 - Portland 2
BOTTOM OF THE 9TH
Portland Evergreens batting - Pitching for Boston Patriots : RHP Rick Converse
Now in CF: Stanley Belote
Batting: RHB Blaze Alexander 0-0: Ball
1-0: Foul Ball, location: 2F
1-1: Ground out U3 (Groundball, 34S)
Batting: SHB Billy Dotson 0-0: Ball
1-0: Ground out 4-3 (Groundball, 4)
Batting: LHB Shahid Afridi 0-0: SINGLE (Groundball, 4MD)
Batting: LHB Ramón Garmendia 0-0: SINGLE (Groundball, 4MD)
Shahid Afridi to second
Batting: LHB John Ennis 0-0: Foul Ball, location: 2F
0-1: Ball
1-1: Foul Ball, location: 2F
1-2: Fly out, F8 (Flyball, 8LD)
Bottom of the 9th over - 0 runs, 2 hits, 0 errors, 2 left on base; Boston 6 - Portland 2
Friday, March 29th, 2019 - OOTP Baseball 18.8 Build 76